 Dungeon Crawl Stone Soup version 0.29-a0-337-g68df138881 (webtiles) character file.

Game seed: 3982707137970623752

62 sammy202020 the Skirmisher (level 3, -1/30 HPs)
             Began as a Demonspawn Berserker on Apr 16, 2022.
             Was a Believer of Trog.
             Slain by Sigmund
             ... wielding a +2 scythe of protection
              (3 damage)
             ... on level 2 of the Dungeon.
             The game lasted 00:02:06 (1498 turns).

sammy202020 the Skirmisher (Demonspawn Berserker)   Turns: 1498, Time: 00:02:07

Health: -1/30      AC: 11    Str: 24    XL:     3   Next: 85%
Magic:  3/3        EV:  8    Int: 10    God:    Trog [**....]
Gold:   45         SH:  0    Dex: 12    Spells: 2/2 levels left

rFire   . . .      SeeInvis .   a - +0 hand axe
rCold   . . .      Faith    .   (no shield)
rNeg    . . .      Spirit   .   m - +0 chain mail of Quiet Fog {Will- Str+7 Stlth-}
rPois   .          Reflect  .   (no helmet)
rElec   .          Harm     .   c - +0 cloak
rCorr   .          Rampage  .   (no gloves)
Will    .....                   (no boots)
Stlth   ..........              k - amulet of the acrobat
HPRegen 0.10/turn               (no ring)
MPRegen 0.08/turn               (no ring)

@: confused
A: yellow scales 1, spiny 1
a: Renounce Religion, Berserk, Trog's Hand


You were on level 2 of the Dungeon.
You worshipped Trog.
Trog was pleased with you.
You visited 1 branch of the dungeon, and saw 2 of its levels.

You collected 45 gold pieces.

Inventory:

Hand Weapons
 a - a +0 hand axe (weapon)
 e - a +0 hunting sling
Armour
 c - a +0 cloak (worn)
 d - a +0 ring mail
 m - the +0 chain mail of Quiet Fog (worn) {Will- Str+7 Stlth-}
   (You found it on level 2 of the Dungeon)

   Str:       It affects your strength (+7).
   Will:      It decreases your willpower.
   Stlth:     It makes you less stealthy.
Jewellery
 k - an amulet of the acrobat (around neck)
Scrolls
 b - a scroll of acquirement {unknown}
 f - a scroll of summoning {unknown}
 g - a scroll of noise {unknown}
 h - a scroll of identify {unknown}
 i - a scroll of blinking {unknown}
 l - a scroll of silence {unknown}
 n - 2 scrolls of enchant weapon {unknown}
 o - a scroll of fear {unknown}
Potions
 j - a potion of attraction {unknown}


   Skills:
 * Level 3.8 Fighting
 * Level 3.4 Axes
 + Level 2.3 Armour
 - Level 1.7 Dodging


You had 2 spell levels left.
You didn't know any spells.
Your spell library was empty.

Dungeon Overview and Level Annotations

Branches:
Dungeon (2/15)

Altars:

Shops:
D:1 *

Annotations:
D:2 Sigmund


Innate Abilities, Weirdness & Mutations

You are partially covered in yellow scales. (AC +2)
You are partially covered in sharp spines.


Message History

Sigmund is heavily wounded.
You barely miss Sigmund.
Sigmund is heavily wounded.
Sigmund hits you with a +2 scythe of protection!
You closely miss Sigmund.
Sigmund is heavily wounded.
Sigmund casts a spell at you.
You are confused.
You miss Sigmund.
Sigmund is heavily wounded.
Sigmund hits you with a +2 scythe of protection!
* * * LOW HITPOINT WARNING * * *
You barely miss Sigmund.
Sigmund is heavily wounded.
Sigmund points at you and mumbles some strange words.
You are more confused.
You closely miss Sigmund.
Sigmund is heavily wounded.
Sigmund hits you but does no damage.
You hit Sigmund but do no damage.
Sigmund is heavily wounded.
Sigmund misses you.
Okay, then.
You hit Sigmund but do no damage.
Sigmund is moderately wounded.
Sigmund misses you.
You closely miss Sigmund.
Sigmund is moderately wounded.
Sigmund casts a spell at you.
You are more confused.
You slash Sigmund!
Sigmund is severely wounded.
Sigmund hits you with a +2 scythe of protection.
* * * LOW HITPOINT WARNING * * *
Sigmund closely misses you.
Okay, then.
Okay, then.
You're too confused to move!
Sigmund hits you with a +2 scythe of protection.
You die...

#...# #.#..
#.#.###.#).
#.#........
#####.#.#......
#...†.#.#.#....
###.....#...#....
#####.......#####....
#..†@.#...........[..
#.##@.#.....######...
##.#.....# #...
###.....# ####
#.....# #......#
######.# #. ## ##.


You could see Sigmund.

Vanquished Creatures
  An adder (D:2)
  A worm (D:2)
  A dart slug (D:1)
  2 ball pythons (D:2)
  4 bats
  5 endoplasms
  6 giant cockroaches
  A goblin (D:2)
  3 hobgoblins
  3 jackals (D:1)
  A kobold (D:1)
  5 quokkas
  2 frilled lizards (D:1)
  6 rats
41 creatures vanquished.

Notes
Turn   | Place    | Note
-------+----------+-------------------------------------------
     0 | D:1      | sammy202020 the Demonspawn Berserker began the quest for
                  | the Orb.
     0 | D:1      | Reached XP level 1. HP: 18/18 MP: 1/1
   150 | D:1      | Found Xocob's Assorted Antiques.
   260 | D:1      | Gained mutation: You are partially covered in yellow
                  | scales. (AC +2) [demonic ancestry]
   260 | D:1      | Reached XP level 2. HP: 22/24 MP: 2/2
   423 | D:1      | Reached ** piety under Trog
   619 | D:1      | Gained mutation: You are partially covered in sharp spines.
                  | [demonic ancestry]
   619 | D:1      | Reached XP level 3. HP: 28/29 MP: 3/3
  1068 | D:2      | Identified the +0 chain mail of Quiet Fog {Will- Str+7
                  | Stlth-}
  1470 | D:2      | Noticed Sigmund
  1498 | D:2      | Slain by Sigmund

Illustrated notes

Levels and vault maps discovered:
D:1:      evilmike_arrival_crescent, layout_basic, serial_shops, shop
D:2:      layout_basic, grunt_ministairs_7, kennysheep_cluttered_room,
          uniq_sigmund

Skill      XL: |  1  2 |
---------------+-------+-----
Armour         | 2 |  2.3
Axes           | 3 |  3.4
Fighting       | |  3.8
Dodging        | |  1.7

Action                   || total
-------------------------++-------
Melee: Hand axe          ||   119
Armor: Animal skin       ||    14
       Ring mail         ||    18
       Chain mail        ||    16
Dodge: Dodged            ||    70

Table legend: (Time is in decaauts)
 A = Elapsed time spent in this place.
 B = Non-inter-level travel time spent in this place.
 C = Inter-level travel time spent in this place.
 D = Time resting spent in this place.
 E = Time spent auto-exploring this place.
 F = Levels seen in this place.
 G = Mean time per level.
                   A        B        C        D        E       F      G
               +--------+--------+--------+--------+--------+-----+--------+
         Total |   1516 |   1461 |     55 |      0 |   1157 |   2 |  758.0 |
       Dungeon |   1516 |   1461 |     55 |      0 |   1157 |   2 |  758.0 |
               +--------+--------+--------+--------+--------+-----+--------+

Top non-repeatable levels by time:
     D:1: 1027 daAuts
     D:2: 489 daAuts
